 Dungeon Crawl Stone Soup version 0.20.1-1-g8b1a95d (webtiles) character file.

75187 galech the Brawler (level 15, -2/139 HPs)
             Began as a Troll Monk on Aug 30, 2017.
             Was a High Priest of Okawaru.
             Slain by an ogre mage
             ... wielding a +0 halberd
              (7 damage)
             ... while paralysed by an ogre mage
             ... on level 2 of the Orcish Mines.
             The game lasted 00:55:08 (19087 turns).

galech the Brawler (Troll Monk)                    Turns: 19087, Time: 00:55:11

Health: -2/139     AC: 16    Str: 32    XL:     15   Next: 9%
Magic:  0/24       EV:  1    Int:  4    God:    Okawaru [*****.]
Gold:   2073       SH:  0    Dex: 21    Spells: 14/14 levels left

rFire    . . .     SeeInvis .     - Unarmed
rCold    . . .     Gourm    +   (no shield)
rNeg     . . .     Faith    .   X - +2 troll leather armour {Snorg}
rPois    .         Spirit   +   u - +2 hat
rElec    .         Reflect  .   G - +0 cloak
rCorr    .         Harm     .   (gloves unavailable)
MR       +....                  (boots unavailable)
Stlth    +++++++...             p - amulet of guardian spirit
Regen    1.2/turn               H - ring "Jovai" {+Blink MP+9 Int-2 Dex+9}
MPRegen  0.2/turn               B - ring of Moral Flaws {Str+4 Slay+2 Stlth+}

@: paralysed, heroism, slowed
A: unfitting armour, claws 3, thin metallic scales 1, camouflage 1, fast
metabolism 3, gourmand, regeneration 1, shaggy fur 1, tough skin 2, subdued
magic 1
a: Heroism, Finesse, Renounce Religion, Evoke Blink


You were on level 2 of the Orcish Mines.
You worshipped Okawaru.
Okawaru was extremely pleased with you.
You were completely stuffed.

You visited 4 branches of the dungeon, and saw 21 of its levels.
You visited the Abyss 1 time.
You also visited: Labyrinth.

You collected 2073 gold pieces.

Inventory:

Missiles
 k - 9 tomahawks of returning (quivered)
Armour
 u - a +2 hat (worn)
 E - a +2 robe
 G - a +0 cloak (worn)
 X - a +2 troll leather armour (worn) {Snorg}
Jewellery
 j - an uncursed ring of protection from fire
 p - an amulet of guardian spirit (around neck)
 r - an uncursed amulet of regeneration {unknown}
 B - the ring of Moral Flaws (right claw) {Str+4 Slay+2 Stlth+}
   (You found it on level 7 of the Dungeon)

   [ring of stealth]

   It affects your strength (+4).
   It affects your accuracy and damage with ranged weapons and melee attacks
   (+2).
   It makes you more stealthy.
 H - the ring "Jovai" (left claw) {+Blink MP+9 Int-2 Dex+9}
   (You found it on level 2 of the Lair of Beasts)

   [ring of magical power]

   It affects your intelligence (-2).
   It affects your dexterity (+9).
   It affects your magic capacity (+9).
   It lets you blink.
 O - the ring "Quel Tae" {Str+2 Dex+6}
   (You found it in a labyrinth)

   [ring of strength]

   It affects your strength (+2).
   It affects your dexterity (+6).
 Z - the ring of Avawn {rElec rN+ MR+ Str+4}
   (You found it on level 1 of the Abyss)

   [ring of positive energy]

   It affects your strength (+4).
   It insulates you from electricity.
   It protects you from negative energy.
   It affects your resistance to hostile enchantments.
Wands
 y - a wand of paralysis (17/24)
 C - a wand of paralysis (5/24)
 L - a wand of digging (6/24)
Scrolls
 d - 3 scrolls of enchant armour
 e - 3 scrolls of magic mapping
 f - 4 scrolls of recharging
 l - 4 scrolls of teleportation
 m - 3 scrolls of amnesia
 n - 2 scrolls of fog
 o - 10 scrolls of remove curse
 M - 2 scrolls of fear
 P - 2 scrolls of blinking
 U - a scroll of enchant weapon
Potions
 a - a potion of ambrosia
 c - 2 potions of heal wounds
 h - 3 potions of agility {unknown}
 i - 12 potions of curing {unknown}
 q - a potion of berserk rage
 t - 2 potions of invisibility {unknown}
 w - 2 potions of resistance
 x - 3 potions of haste
 z - 4 potions of flight {unknown}
 A - 5 potions of magic {unknown}
 D - 3 potions of brilliance {unknown}
 F - a potion of lignification
 I - 4 potions of might
 S - 2 potions of cancellation
Books
 J - a book of Conjurations

   Spells                             Type                      Level
   a - Magic Dart                     Conjuration                  1
   b - Searing Ray                    Conjuration                  2
   c - Dazzling Spray                 Conjuration/Hexes            3
   d - Fulminant Prism                Conjuration/Hexes            4
   e - Force Lance                    Conjuration/Translocation    4
   f - Iskenderun's Mystic Blast      Conjuration                  4
 N - a Young Poisoner's Handbook

   Spells                             Type                      Level
   a - Sting                          Conjuration/Poison           1
   b - Poisonous Vapours              Poison/Air                   2
   c - Mephitic Cloud                 Conjuration/Poison/Air       3
   d - Olgreb's Toxic Radiance        Poison                       4
   e - Venom Bolt                     Conjuration/Poison           5
Comestibles
 b - 9 bread rations
 g - 19 fruits
 s - 6 meat rations
 v - 24 royal jellies
 K - 12 chunks of flesh


   Skills:
 + Level 6.7(11.7) Fighting
 + Level 5.2(10.2) Armour
 + Level 9.6(14.6) Dodging
 + Level 6.8(11.8) Stealth
 + Level 19.1(24.1) Unarmed Combat
 + Level 2.1 Invocations
 + Level 0.1 Evocations


You had 14 spell levels left.
You didn't know any spells.

Dungeon Overview and Level Annotations

Branches:
Dungeon (12/15)            Temple (1/1) D:7            Lair (6/6) D:10
 Shoals (0/4) Lair:3       Spider (0/4) Lair:4        Slime (0/5) Lair:5
    Orc (2/2) D:12            Elf (0/3) Orc:2

Altars:
Ashenzari
Cheibriados
Dithmenos
Elyvilon
Fedhas
Hepliaklqana
Makhleb
Nemelex Xobeh
Okawaru
Qazlal
Ru
Sif Muna
Trog
Uskayaw
Vehumet
Xom
Yredelemnul
Zin
Jiyva

Shops:
D:9 [   Orc:2 }


Innate Abilities, Weirdness & Mutations

You are too large for most types of armour.
You have claws for hands.
Your metabolism is lightning-fast.
You like to eat raw meat.
Your natural rate of healing is unusually fast.
You are covered in fur. (AC +1)
You have very tough skin. (AC +2)
You are partially covered in thin metallic scales. (AC +2)
Your skin changes colour to match your surroundings (Stealth+).
Your spells are a little easier to cast, but a little less powerful.


Message History

The two-headed ogre hits you but does no damage. x2
The ogre mage hits you with a halberd.
The two-headed ogre hits you with a giant club!
The two-headed ogre hits you with a giant club!!
The ogre mage hits you but does no damage.
The two-headed ogre hits you with a giant club!
The two-headed ogre hits you with a giant club.
The ogre mage hits you but does no damage.
The two-headed ogre hits you with a giant club!!
* * * LOW HITPOINT WARNING * * *
The two-headed ogre hits you with a giant club!
* * * LOW HITPOINT WARNING * * *
The ogre mage is no longer moving quickly.
The ogre mage casts a spell.
The ogre mage seems to speed up.
The two-headed ogre hits you with a giant club!
* * * LOW HITPOINT WARNING * * *
The two-headed ogre hits you but does no damage.
The ogre mage hits you with a halberd!
You die...

##......#
#......##
##.......#
#...)...##
##..))..#
###......###
###.....#.##.##
##..oOOo.......#
##....#@...)...##
#...O#####)#####
##..oO.##)))#
###.....#)))#
##...O..##...#
#.o..#.#.#.))#
##.#.....#...#
##......#...# ###
##...###...#


You could see a two-headed ogre, an ogre mage, an orc priest and an orc.

Vanquished Creatures
  Gastronok (Lair:1)
  An orc warlord (Orc:2)
  A reaper (Abyss:1)
  The ghost of simples the Grappler, a journeyman TrMo of Elyvilon (Orc:2)
  Snorg (Lair:6)
  A minotaur (Lab)
  Josephine (D:12)
  A fire dragon (D:12)
  7 hydras
  Erica (D:12)
  Harold (Lair:1)
  4 catoblepae (Lair:6)
  11 death yaks
  7 two-headed ogres
  A thrashing horror (Abyss:1)
  An orc high priest (Orc:1)
  Sonja (D:10)
  A sixfirhy (Abyss:1)
  An orc knight (Orc:2)
  A wolf spider (Lair:4)
  An orc sorcerer (Orc:2)
  2 ugly things
  A worldbinder (Abyss:1)
  A cyclops (D:12)
  3 manticores
  An oklob plant (Lair:4)
  10 elephants
  A smoke demon (Abyss:1)
  2 black mambas
  5 spiny frogs
  8 komodo dragons
  An ancient zyme (Abyss:1)
  A queen bee (Orc:1)
  5 trolls
  8 raiju (Abyss:1)
  8 dream sheep
  9 hippogriffs
  10 blink frogs
  A large abomination (Abyss:1)
  A redback (Lab)
  Sigmund (D:6)
  5 wraiths
  42 yaks
  4 wyverns
  A chaos spawn (Abyss:1)
  2 basilisks
  A warg (Orc:2)
  12 hungry ghosts
  Edmund (D:6)
  2 neqoxecs (Abyss:1)
  A soldier ant (D:10)
  An acid dragon (D:12)
  11 water moccasins
  10 porcupines
  21 orc warriors
  4 ice beasts
  4 sky beasts
  3 black bears
  An eye of draining (Abyss:1)
  A necrophage (D:7)
  A hornet zombie (D:7)
  15 ogres
  2 phantoms (D:6)
  12 wolves (Lair:3)
  The ghost of vineage the Slasher, an amateur DsGl (D:3)
  5 centaurs
  11 crocodiles
  4 big kobolds (D:9)
  12 bullfrogs
  2 wyvern skeletons
  4 small abominations (Abyss:1)
  3 scorpions
  25 killer bees
  6 electric eels (D:12)
  11 wights
  4 howler monkeys
  4 crimson imps
  3 quasits (Abyss:1)
  A bullfrog zombie (D:10)
  8 orc priests
  3 centaur skeletons
  4 hounds
  Crazy Yiuf (D:7)
  3 jellies
  22 orc wizards
  2 bullfrog skeletons
  6 worker ants
  Jessica (D:2)
  An iguana (D:7)
  Ijyb (D:3)
  A killer bee zombie (D:5)
  2 hound zombies
  2 hound skeletons
  14 adders
  3 shadow imps
  An ooze (D:2)
  2 adder zombies
  3 adder skeletons
  3 worms
  A dart slug (D:1)
  3 leopard geckos
  77 orcs
  A ball python (D:2)
  6 giant cockroaches
  4 goblins
  3 hobgoblins
  10 jackals
  5 quokkas
  A ball python zombie (D:6)
  11 bats
  4 frilled lizards
  8 kobolds
  A leopard gecko skeleton (D:4)
  8 rats
604 creatures vanquished.

Vanquished Creatures (others)
  A bullfrog (D:6)
  2 orc wizards (D:12)
  3 orcs
  A plant (Lair:4)
7 creatures vanquished.

Grand Total: 611 creatures vanquished

Notes
Turn   | Place    | Note
-------+----------+-------------------------------------------
     0 | D:1      | galech the Troll Monk began the quest for the Orb.
     0 | D:1      | Reached XP level 1. HP: 22/22 MP: 0/0
   493 | D:1      | Reached XP level 2. HP: 29/29 MP: 1/1
   696 | D:2      | Found a white marble altar of Elyvilon.
   793 | D:2      | Reached XP level 3. HP: 32/36 MP: 2/2
   800 | D:2      | Found a radiant altar of Vehumet.
   962 | D:2      | Reached skill level 4 in Unarmed Combat
   971 | D:2      | Noticed Jessica
   975 | D:2      | Killed Jessica
   975 | D:2      | Reached XP level 4. HP: 39/44 MP: 3/3
  1139 | D:3      | Found a hazy altar of Hepliaklqana.
  1173 | D:3      | Reached XP level 5. HP: 40/50 MP: 4/4
  1244 | D:3      | Noticed Ijyb
  1256 | D:3      | Killed Ijyb
  1256 | D:3      | Reached skill level 5 in Unarmed Combat
  1390 | D:3      | Noticed vineage's ghost (amateur DsGl)
  1414 | D:3      | Killed vineage's ghost
  1414 | D:3      | Reached XP level 6. HP: 38/59 MP: 5/5
  1802 | D:4      | Found a sparkling altar of Nemelex Xobeh.
  1850 | D:4      | Reached skill level 6 in Unarmed Combat
  1925 | D:4      | Found a shadowy altar of Dithmenos.
  2180 | D:4      | Found a blossoming altar of Fedhas.
  2183 | D:4      | Found a shimmering altar of Xom.
  2185 | D:4      | Found a glowing silver altar of Zin.
  2193 | D:4      | Reached XP level 7. HP: 36/67 MP: 3/6
  2375 | D:5      | Entered Level 5 of the Dungeon
  2388 | D:5      | Found a stormy altar of Qazlal.
  2801 | D:5      | Reached skill level 7 in Unarmed Combat
  3052 | D:5      | Gained mutation: You have a pair of small horns on your head. [mutagenic meat]
  3053 | D:5      | Gained mutation: You evolve. [mutagenic meat]
  3054 | D:5      | Gained mutation: You are partially covered in thin metallic scales. (AC +2) [mutagenic meat]
  3055 | D:5      | Lost mutation: You have a pair of small horns on your head. [mutagenic meat]
  3139 | D:6      | Reached XP level 8. HP: 73/75 MP: 5/7
  3216 | D:6      | Noticed Edmund
  3224 | D:6      | Noticed Sigmund
  3386 | D:6      | Reached skill level 8 in Unarmed Combat
  3497 | D:6      | Killed Sigmund
  3622 | D:6      | Killed Edmund
  3622 | D:6      | Reached skill level 9 in Unarmed Combat
  3642 | D:6      | Found a transporter.
  3650 | D:6      | Found a transporter.
  3657 | D:6      | Found a basalt altar of Yredelemnul.
  3781 | D:6      | Reached skill level 5 in Dodging
  3874 | D:6      | Reached XP level 9. HP: 84/84 MP: 8/8
  3895 | D:6      | Found a shimmering altar of Xom.
  4244 | D:7      | Reached skill level 10 in Unarmed Combat
  4410 | D:7      | Got a shimmering copper ring
  4411 | D:7      | Identified the ring of Moral Flaws {Str+4 Slay+2 Stlth+} (You found it on level 7 of the Dungeon)
  4590 | D:7      | Found a staircase to the Ecumenical Temple.
  4595 | Temple   | Entered the Ecumenical Temple
  4631 | Temple   | Became a worshipper of Warmaster Okawaru
  4631 | Temple   | Reached * piety under Okawaru
  4631 | Temple   | Reached ** piety under Okawaru
  4696 | D:7      | Gained mutation: Your skin changes colour to match your surroundings (Stealth+). [mutagenic meat]
  4934 | D:7      | Found a runed door.
  4938 | D:7      | Noticed Crazy Yiuf
  4942 | D:7      | Killed Crazy Yiuf
  5023 | D:7      | Reached skill level 11 in Unarmed Combat
  5617 | D:8      | Reached XP level 10. HP: 94/94 MP: 9/9
  5786 | D:8      | Reached *** piety under Okawaru
  6029 | D:8      | Noticed a two-headed ogre
  6035 | D:8      | Killed a two-headed ogre
  6256 | D:6      | Reached skill level 12 in Unarmed Combat
  6423 | D:9      | Found Qougum's Armour Emporium.
  6503 | D:9      | Gained mutation: Your muscles are strong. (Str +2) [evolution]
  6597 | D:9      | Noticed a two-headed ogre
  6606 | D:9      | Killed a two-headed ogre
  6606 | D:9      | Reached **** piety under Okawaru
  6616 | D:9      | Noticed a two-headed ogre
  6661 | D:9      | Noticed a two-headed ogre
  6899 | D:9      | Killed a two-headed ogre
  7072 | D:9      | Reached ***** piety under Okawaru
  7176 | D:9      | Noticed a three-headed hydra
  7181 | D:9      | Killed a four-headed hydra
  7181 | D:9      | Reached skill level 13 in Unarmed Combat
  7181 | D:9      | Reached XP level 11. HP: 101/101 MP: 7/10
  7252 | D:9      | Killed a two-headed ogre
  7314 | D:10     | Entered Level 10 of the Dungeon
  7434 | D:10     | Noticed a two-headed ogre
  7439 | D:10     | Killed a two-headed ogre
  7479 | D:10     | Reached skill level 5 in Fighting
  7533 | D:10     | Noticed Sonja
  7653 | D:10     | Killed Sonja
  7798 | D:10     | Found a staircase to the Lair.
  7800 | D:10     | Noticed a death yak
  7801 | D:10     | Noticed a death yak
  7802 | D:10     | Noticed a death yak
  7881 | D:9      | Killed a death yak
  7881 | D:9      | Reached skill level 5 in Stealth
  8326 | D:10     | Killed a death yak
  8326 | D:10     | Received a gift from Okawaru
  8326 | D:10     | Reached ****** piety under Okawaru
  8326 | D:10     | Reached skill level 1 in Invocations
  8342 | D:10     | Killed a death yak
  8342 | D:10     | Reached skill level 14 in Unarmed Combat
  8611 | D:11     | Noticed a six-headed hydra
  8624 | D:11     | Killed a ten-headed hydra
  8801 | D:11     | Noticed a purple ugly thing
  8809 | D:11     | Killed a purple ugly thing
  8809 | D:11     | Received a gift from Okawaru
  8947 | D:11     | Noticed a two-headed ogre
  8956 | D:11     | Killed a two-headed ogre
  8956 | D:11     | Reached XP level 12. HP: 95/111 MP: 9/11
  9294 | Lair:1   | Entered Level 1 of the Lair of Beasts
  9463 | Lair:1   | Noticed Harold
  9477 | Lair:1   | Cast into level 1 of the Abyss (Harold)
  9494 | Abyss:1  | Got a fine jade ring
  9496 | Abyss:1  | Identified the ring of Avawn {rElec rN+ MR+ Str+4} (You found it on level 1 of the Abyss)
  9503 | Abyss:1  | Gained mutation: Your spells are a little easier to cast, but a little less powerful. [a neqoxec]
  9531 | Abyss:1  | Lost mutation: Your muscles are strong. (Str +2) [evolution]
  9531 | Abyss:1  | Lost mutation: You evolve. [end of evolution]
  9550 | Abyss:1  | Found a corrupted altar of Lugonu.
  9710 | Abyss:1  | Noticed a reaper
  9720 | Abyss:1  | Killed a reaper
  9720 | Abyss:1  | Reached skill level 1 in Armour
  9986 | Abyss:1  | Reached skill level 15 in Unarmed Combat
 10018 | Lair:1   | Escaped the Abyss
 10023 | Lair:1   | Killed Harold
 10023 | Lair:1   | Received a gift from Okawaru
 10716 | Lair:1   | Noticed Gastronok
 10729 | Lair:1   | Killed Gastronok
 11119 | Lair:2   | Reached XP level 13. HP: 120/120 MP: 13/13
 11251 | Lair:2   | Got a crude iron ring
 11253 | Lair:2   | Identified the ring "Jovai" {+Blink MP+9 Int-2 Dex+9} (You found it on level 2 of the Lair of Beasts)
 11458 | Lair:2   | Received a gift from Okawaru
 11462 | Lair:2   | Reached skill level 16 in Unarmed Combat
 12045 | Lair:3   | Received a gift from Okawaru
 12499 | Lair:3   | Found a staircase to the Shoals.
 12700 | Lair:4   | Found a hole to the Spider Nest.
 12815 | Lair:4   | Reached skill level 17 in Unarmed Combat
 13472 | Lair:5   | Found a labyrinth entrance.
 13529 | Lab      | Entered a labyrinth
 14612 | Lab      | Noticed a minotaur
 14618 | Lab      | Killed a minotaur
 14620 | Lab      | Got a vibrating copper ring
 14632 | Lab      | Identified the ring "Quel Tae" {Str+2 Dex+6} (You found it in a labyrinth)
 14977 | Lair:5   | Found a sparkling altar of Nemelex Xobeh.
 15249 | Lair:6   | Entered Level 6 of the Lair of Beasts
 15339 | Lair:5   | Found a viscous altar of Jiyva.
 15339 | Lair:5   | Found a staircase to the Slime Pits.
 15512 | Lair:6   | Reached XP level 14. HP: 128/130 MP: 14/14
 15568 | Lair:6   | Received a gift from Okawaru
 15592 | Lair:6   | Received a gift from Okawaru
 15604 | Lair:6   | Got a smoking large shield {god gift}
 15619 | Lair:6   | Identified the -3 large shield of the Six Dances {Regen+ Str+9 Int-5 Slay-4} (Okawaru gifted it to you on level 6 of the Lair of Beasts)
 15619 | Lair:6   | Lost intelligence.
 15893 | Lair:6   | Reached skill level 18 in Unarmed Combat
 16074 | Lair:6   | Noticed Snorg
 16090 | Lair:6   | Killed Snorg
 16584 | Lair:4   | Reached skill level 5 in Armour
 17196 | D:12     | Found a staircase to the Orcish Mines.
 17467 | Orc:1    | Entered Level 1 of the Orcish Mines
 17473 | Orc:1    | Noticed Josephine
 17476 | Orc:1    | Noticed Erica
 17494 | D:12     | Killed Josephine
 17608 | D:12     | Killed Erica
 17608 | D:12     | Received a gift from Okawaru
 17644 | D:12     | Got a warped hunting sling {god gift}
 18300 | Orc:2    | Entered Level 2 of the Orcish Mines
 18300 | Orc:2    | Noticed simples's ghost (journeyman TrMo)
 18394 | Orc:2    | Killed simples's ghost
 18643 | Orc:2    | Reached skill level 19 in Unarmed Combat
 18643 | Orc:2    | Reached XP level 15. HP: 134/139 MP: 15/15
 18725 | Orc:2    | Found a staircase to the Elven Halls.
 18772 | Orc:2    | Found Otaeg's Gadget Shop.
 18983 | Orc:2    | Noticed an orc warlord
 18988 | Orc:2    | Killed an orc warlord
 19082 | Orc:2    | Paralysed by an ogre mage for 7 turns
 19087 | Orc:2    | HP: 5/139 [two-headed ogre/giant club (10)]
 19087 | Orc:2    | Slain by an ogre mage

Skill      XL: |  1  2  3  4  5  6  7  8  9 10 11 12 13 14 |
---------------+-------------------------------------------+-----
Unarmed Combat | 4 5 6 7 9 11 13 14 15 17 19 | 19.1
Dodging        | 3 4 5 6 7 8 9 |  9.6
Fighting       | 3 4 5 6 |  6.7
Stealth        | 2 3 4 5 6 |  6.8
Invocations    | 1 2 |  2.1
Armour         | 3 4 5 |  5.2
Evocations     | |  0.1

Action                   |  1- 3 |  4- 6 |  7- 9 | 10-12 | 13-15 || total
-------------------------+-------+-------+-------+-------+-------++-------
Melee: Unarmed           |    85 |   125 |   321 |   375 |   777 ||  1683
       Punch             |       |     3 |    19 |    25 |   117 ||   164
Invok: Heroism           |       |       |       |    11 |     7 ||    18
Evoke: Wand              |       |       |       |       |     2 ||     2
  Use: Scroll            |       |       |     7 |    11 |    13 ||    31
 Stab: Sleeping          |     4 |     2 |    15 |    17 |    27 ||    65
       Distracted        |       |       |       |       |     2 ||     2
  Eat: Chunk             |    14 |    11 |    46 |    48 |    69 ||   188
       Bread ration      |       |       |       |       |     3 ||     3
Armor: Robe              |    31 |    34 |    82 |    62 |       ||   209
       Troll leather arm |       |       |       |    49 |   285 ||   334
Dodge: Dodged            |    31 |    57 |   134 |   233 |   806 ||  1261
